SA
LOUISIANA DRAGOONS @ GRIM REAPERS
09/08/2026
 
TOP OF THE 1ST
Louisiana Dragoons batting - Pitching for Grim Reapers : RHP Darius Baxa
Pitching: RHP Darius Baxa
Batting: RHB Kevin Johnson 0-0: Called Strike
0-1: Ball
1-1: Foul Ball, location: 2F
1-2: SINGLE (Line Drive, 4MD)
Batting: RHB Jeremy Boyter 0-0: Called Strike
0-1: Ball
1-1: Ball
2-1: Ball
3-1: Base on Balls
Kevin Johnson to second
Batting: LHB Guillermo Arellano 0-0: Ball
1-0: Ball
2-0: Called Strike
2-1: Fly out, F8 (Flyball, 8RS)
Batting: RHB Scott Robertson 0-0: Ball
1-0: Ball
2-0: Fielders Choice at 2nd, 6-4 (Groundball, 6)
Kevin Johnson to third
Batting: SHB Eduardo Pampin 0-0: Fly out, F8 (Flyball, 8LM)
Top of the 1st over - 0 run(s), 1 hit(s), 0 error(s), 2 left on base; Louisiana 0 - Grim 0
BOTTOM OF THE 1ST
Grim Reapers batting - Pitching for Louisiana Dragoons : RHP Paul Addison
Pitching: RHP Paul Addison
Batting: SHB Javier Vázquez 0-0: Ball
1-0: Called Strike
1-1: Called Strike
1-2: Foul Ball, location: 2F
1-2: Ball
2-2: Fly out, F4 (Popup, 4)
Batting: RHB Tomás Costello 0-0: Called Strike
0-1: Ball
1-1: Called Strike
1-2: Fly out, F3 (Popup, 34S)
Batting: SHB Marcos Roa 0-0: Called Strike
0-1: Ball
1-1: Fly out, F7 (Flyball, 7)
Bottom of the 1st over - 0 run(s), 0 hit(s), 0 error(s), 0 left on base; Louisiana 0 - Grim 0
TOP OF THE 2ND
Louisiana Dragoons batting - Pitching for Grim Reapers : RHP Darius Baxa
Batting: RHB Giuseppe Provolone 0-0: Ground out 5-3 (Groundball, 56)
Batting: RHB Harry Gibson 0-0: Foul Ball, location: 2F
0-1: Foul Ball, location: 2F
0-2: Strikes out swinging
Batting: RHB José Luque 0-0: Ball
1-0: Called Strike
1-1: Called Strike
1-2: Ball
2-2: Ball
3-2: Foul Ball, location: 2F
3-2: Ground out 4-3 (Groundball, 4)
Top of the 2nd over - 0 run(s), 0 hit(s), 0 error(s), 0 left on base; Louisiana 0 - Grim 0
BOTTOM OF THE 2ND
Grim Reapers batting - Pitching for Louisiana Dragoons : RHP Paul Addison
Batting: RHB Dave Sienna 0-0: Called Strike
0-1: Ball
1-1: Ball
2-1: Swinging Strike
2-2: DOUBLE (Groundball, 5L)
Batting: LHB Dante Aristizabal 0-0: Called Strike
0-1: Ball
1-1: Called Strike
1-2: Foul Ball, location: 2F
1-2: Ball
2-2: Strikes out looking
Batting: RHB Raúl Moreno 0-0: Swinging Strike
0-1: Ball
1-1: Foul Ball, location: 2F
1-2: Ball
2-2: Strikes out swinging
Batting: LHB Steve Costillo 0-0: Called Strike
0-1: Swinging Strike
0-2: Foul Ball, location: 2F
0-2: Ball
1-2: Ball
2-2: Foul Ball, location: 2F
2-2: Ball
3-2: Strikes out swinging
Bottom of the 2nd over - 0 run(s), 1 hit(s), 0 error(s), 1 left on base; Louisiana 0 - Grim 0
TOP OF THE 3RD
Louisiana Dragoons batting - Pitching for Grim Reapers : RHP Darius Baxa
Batting: RHB Jade Helm 0-0: Bunt for hit - play at first, batter safe!
Batting: RHB Kevin Johnson 0-0: Ball
1-0: Ball
2-0: Ball
3-0: Called Strike
3-1: Base on Balls
Jade Helm to second
Batting: RHB Jeremy Boyter 0-0: Called Strike
0-1: Ball
1-1: Called Strike
1-2: Strikes out swinging
Batting: LHB Guillermo Arellano 0-0: Called Strike
0-1: Ball
1-1: DOUBLE (Line Drive, 7LM)
Jade Helm scores
Kevin Johnson to third
Runner from 3rd tries for Home, SAFE, no throw
Batting: RHB Scott Robertson 0-0: Ball
1-0: Foul Ball, location: 2F
1-1: Ball
2-1: Called Strike
2-2: DOUBLE (Line Drive, 8LXD)
Guillermo Arellano scores
Pinch Runner at 2nd Jody Bennett:
Batting: SHB Eduardo Pampin 0-0: Fly out, F8 (Flyball, 8LM)
Batting: RHB Giuseppe Provolone 0-0: Called Strike
0-1: SINGLE (Groundball, 4MD)
Jody Bennett to third
Runner from 3rd tries for Home, SAFE, no throw
Batting: RHB Harry Gibson 0-0: Ball
1-0: Ball
2-0: Called Strike
2-1: Swinging Strike
2-2: SINGLE (Groundball, 6MD)
Giuseppe Provolone to second
Batting: RHB José Luque 0-0: Called Strike
0-1: Called Strike
0-2: Ball
1-2: Strikes out swinging
Top of the 3rd over - 4 run(s), 5 hit(s), 0 error(s), 2 left on base; Louisiana 4 - Grim 0
BOTTOM OF THE 3RD
Grim Reapers batting - Pitching for Louisiana Dragoons : RHP Paul Addison
Now at 3B: Jody Bennett
Batting: RHB Tomás Duarte 0-0: Foul Ball, location: 2F
0-1: Foul Ball, location: 2F
0-2: Ball
1-2: Strikes out swinging
Batting: RHB Mason Congdon 0-0: Called Strike
0-1: Ball
1-1: Ball
2-1: Ground out 6-3 (Groundball, 6D)
Batting: SHB Javier Vázquez 0-0: Swinging Strike
0-1: Swinging Strike
0-2: Foul Ball, location: 2F
0-2: Strikes out swinging
Bottom of the 3rd over - 0 run(s), 0 hit(s), 0 error(s), 0 left on base; Louisiana 4 - Grim 0
TOP OF THE 4TH
Louisiana Dragoons batting - Pitching for Grim Reapers : RHP Darius Baxa
Batting: RHB Jade Helm 0-0: Ball
1-0: Called Strike
1-1: Foul Ball, location: 2F
1-2: Ground out 6-3 (Groundball, 56)
Batting: RHB Kevin Johnson 0-0: Foul Ball, location: 2F
0-1: Ball
1-1: Called Strike
1-2: Strikes out swinging
Batting: RHB Jeremy Boyter 0-0: Ball
1-0: Ball
2-0: Called Strike
2-1: Swinging Strike
2-2: Ball
3-2: Base on Balls
Batting: LHB Guillermo Arellano 0-0: Foul Ball, location: 2F
0-1: Ball
1-1: Called Strike
1-2: Strikes out looking
Top of the 4th over - 0 run(s), 0 hit(s), 0 error(s), 1 left on base; Louisiana 4 - Grim 0
BOTTOM OF THE 4TH
Grim Reapers batting - Pitching for Louisiana Dragoons : RHP Paul Addison
Batting: RHB Tomás Costello 0-0: Ball
1-0: Foul Ball, location: 2F
1-1: Foul Ball, location: 2F
1-2: Ball
2-2: Ball
3-2: Base on Balls
Batting: SHB Marcos Roa 0-0: Ball
1-0: DOUBLE (Line Drive, 7LM)
Tomás Costello to third
Batting: RHB Dave Sienna 0-0: Ball
1-0: Foul Ball, location: 2F
1-1: DOUBLE (Line Drive, 7LS)
Tomás Costello scores
Marcos Roa scores
Batting: LHB Dante Aristizabal 0-0: Called Strike
0-1: Swinging Strike
0-2: Foul Ball, location: 2F
0-2: Strikes out swinging
Batting: RHB Raúl Moreno 0-0: Ball
1-0: Ball
2-0: Ball
3-0: Hit by Pitch
Batting: LHB Steve Costillo 0-0: Called Strike
0-1: Ball
1-1: Ball
2-1: Foul Ball, location: 2F
2-2: Foul Ball, location: 2F
2-2: Ball
3-2: 3-RUN HOME RUN (Line Drive, 89XD), Distance : 424 ft
Batting: RHB Tomás Duarte 0-0: Foul Ball, location: 2F
0-1: Ball
1-1: Foul Ball, location: 2F
1-2: Ball
2-2: Strikes out swinging
Batting: RHB Mason Congdon 0-0: Called Strike
0-1: Swinging Strike
0-2: Strikes out looking
Bottom of the 4th over - 5 run(s), 3 hit(s), 0 error(s), 0 left on base; Louisiana 4 - Grim 5
TOP OF THE 5TH
Louisiana Dragoons batting - Pitching for Grim Reapers : RHP Darius Baxa
Batting: RHB Jody Bennett 0-0: Called Strike
0-1: Ball
1-1: Foul Ball, location: 2F
1-2: Foul Ball, location: 2F
1-2: Ball
2-2: Fly out, F4 (Line Drive, 4)
Batting: SHB Eduardo Pampin 0-0: Called Strike
0-1: DOUBLE (Flyball, 78M)
Batting: RHB Giuseppe Provolone 0-0: Called Strike
0-1: Foul Ball, location: 2F
0-2: Ball
1-2: Foul Ball, location: 2F
1-2: Strikes out swinging
Batting: RHB Harry Gibson 0-0: Ball
1-0: Ground out 5-3 (Groundball, 56S)
Top of the 5th over - 0 run(s), 1 hit(s), 0 error(s), 1 left on base; Louisiana 4 - Grim 5
BOTTOM OF THE 5TH
Grim Reapers batting - Pitching for Louisiana Dragoons : RHP Paul Addison
Batting: SHB Javier Vázquez 0-0: TRIPLE (Line Drive, 78M)
Batting: RHB Tomás Costello 0-0: Swinging Strike
0-1: Ball
1-1: Foul Ball, location: 2F
1-2: Ground out 6-3 (Groundball, 6)
Javier Vázquez scores
Batting: SHB Marcos Roa 0-0: Called Strike
0-1: Ball
1-1: Swinging Strike
1-2: Foul Ball, location: 2F
1-2: Strikes out swinging
Batting: RHB Dave Sienna 0-0: Called Strike
0-1: Foul Ball, location: 2F
0-2: Foul Ball, location: 2F
0-2: Strikes out swinging
Bottom of the 5th over - 1 run(s), 1 hit(s), 0 error(s), 0 left on base; Louisiana 4 - Grim 6
TOP OF THE 6TH
Louisiana Dragoons batting - Pitching for Grim Reapers : RHP Darius Baxa
Batting: RHB José Luque 0-0: Swinging Strike
0-1: Swinging Strike
0-2: Foul Ball, location: 2F
0-2: Ball
1-2: Strikes out swinging
Batting: RHB Jade Helm 0-0: Called Strike
0-1: Ball
1-1: Foul Ball, location: 2F
1-2: Strikes out looking
Batting: RHB Kevin Johnson 0-0: Called Strike
0-1: Ball
1-1: Ball
2-1: Ball
3-1: Called Strike
3-2: Ground out 1-6-3 (Groundball, 15S)
Top of the 6th over - 0 run(s), 0 hit(s), 0 error(s), 0 left on base; Louisiana 4 - Grim 6
BOTTOM OF THE 6TH
Grim Reapers batting - Pitching for Louisiana Dragoons : RHP Paul Addison
Pitching: RHP Cornelius Bigelow
Batting: LHB Dante Aristizabal 0-0: Called Strike
0-1: Ball
1-1: Ball
2-1: Called Strike
2-2: SINGLE (Groundball, 4D)
Batting: RHB Raúl Moreno 0-0: Ball
1-0: Sac Bunt - play at first, batter OUT! 1-4
Dante Aristizabal to second
Batting: LHB Steve Costillo 0-0: Ground out 3-1 (Groundball, 34)
Dante Aristizabal to third
Batting: RHB Tomás Duarte 0-0: Foul Ball, location: 2F
0-1: Swinging Strike
0-2: SINGLE (Groundball, 4MD)
Dante Aristizabal scores
Batting: RHB Mason Congdon 0-0: Ball
1-0: Fly out, F9 (Flyball, 9LS)
Bottom of the 6th over - 1 run(s), 2 hit(s), 0 error(s), 1 left on base; Louisiana 4 - Grim 7
TOP OF THE 7TH
Louisiana Dragoons batting - Pitching for Grim Reapers : RHP Darius Baxa
Batting: RHB Jeremy Boyter 0-0: Called Strike
0-1: Ball
1-1: Swinging Strike
1-2: Ball
2-2: Fly out, F9 (Flyball, 9LM)
Batting: LHB Guillermo Arellano 0-0: Ball
1-0: Foul Ball, location: 2F
1-1: Foul Ball, location: 2F
1-2: SINGLE (Groundball, 34D)
Pitching: RHP Cecil Beijeman
Batting: RHB Jody Bennett 0-0: Called Strike
0-1: Ball
1-1: Ball
2-1: Swinging Strike
2-2: Strikes out swinging
Batting: SHB Eduardo Pampin 0-0: Ball
1-0: Swinging Strike
1-1: Called Strike
1-2: Foul Ball, location: 2F
1-2: Ball
2-2: Strikes out swinging
Top of the 7th over - 0 run(s), 1 hit(s), 0 error(s), 1 left on base; Louisiana 4 - Grim 7
BOTTOM OF THE 7TH
Grim Reapers batting - Pitching for Louisiana Dragoons : RHP Cornelius Bigelow
Batting: SHB Javier Vázquez 0-0: Ball
1-0: Ball
2-0: Called Strike
2-1: Ground out 1-3 (Groundball, P)
Pitching: RHP Bennett Swank
Batting: RHB Tomás Costello 0-0: Foul Ball, location: 2F
0-1: Ball
1-1: Swinging Strike
1-2: Foul Ball, location: 2F
1-2: Strikes out swinging
Batting: SHB Marcos Roa 0-0: Called Strike
0-1: Ball
1-1: Called Strike
1-2: Ball
2-2: Ball
3-2: Base on Balls
Batting: RHB Dave Sienna 0-0: Ball
1-0: Swinging Strike
1-1: Called Strike
1-2: Strikes out swinging
Bottom of the 7th over - 0 run(s), 0 hit(s), 0 error(s), 1 left on base; Louisiana 4 - Grim 7
TOP OF THE 8TH
Louisiana Dragoons batting - Pitching for Grim Reapers : RHP Cecil Beijeman
Batting: RHB Giuseppe Provolone 0-0: Ground out 5-3 (Groundball, 56)
Batting: RHB Harry Gibson 0-0: Swinging Strike
0-1: Fly out, F8 (Flyball, 8LM)
Batting: RHB José Luque 0-0: Fly out, F7 (Flyball, 7LM)
Top of the 8th over - 0 run(s), 0 hit(s), 0 error(s), 0 left on base; Louisiana 4 - Grim 7
BOTTOM OF THE 8TH
Grim Reapers batting - Pitching for Louisiana Dragoons : RHP Bennett Swank
Batting: LHB Dante Aristizabal 0-0: Fly out, F8 (Flyball, 8LS)
Batting: RHB Raúl Moreno 0-0: Called Strike
0-1: Foul Ball, location: 2F
0-2: Ball
1-2: Ball
2-2: Foul Ball, location: 2F
2-2: Ground out 6-3 (Groundball, 6M)
Batting: LHB Steve Costillo 0-0: Ball
1-0: SINGLE (Groundball, 5D)
Batting: RHB Tomás Duarte 0-0: Foul Ball, location: 2F
0-1: Swinging Strike
0-2: Strikes out looking
Bottom of the 8th over - 0 run(s), 1 hit(s), 0 error(s), 1 left on base; Louisiana 4 - Grim 7
TOP OF THE 9TH
Louisiana Dragoons batting - Pitching for Grim Reapers : RHP Cecil Beijeman
Pitching: RHP Stu Noble
Batting: RHB Jade Helm 0-0: Ball
1-0: Called Strike
1-1: DOUBLE (Groundball, 5L)
Batting: RHB Kevin Johnson 0-0: Called Strike
0-1: Ball
1-1: Called Strike
1-2: Fly out, F8 (Flyball, 8LD)
Runner from 2nd tags up, SAFE at 3rd, no throw
Batting: RHB Jeremy Boyter 0-0: Foul Ball, location: 2F
0-1: Ball
1-1: Called Strike
1-2: Foul Ball, location: 2F
1-2: Strikes out swinging
Batting: LHB Guillermo Arellano 0-0: Fly out, F8 (Line Drive, 89D)
Top of the 9th over - 0 run(s), 1 hit(s), 0 error(s), 1 left on base; Louisiana 4 - Grim 7
Monday, March 20th, 2017 - OOTP Baseball 17.12 Build 75